 Dungeon Crawl Stone Soup version 0.28-a0-1524-ge72afd5fc6 (webtiles) character file.

Game seed: 5112887274922414324

8 knot the Chopper (level 2, 23/24 HPs)
             Began as a Demonspawn Berserker on Jan 18, 2022.
             Was a Follower of Trog.
             Quit the game on level 1 of the Dungeon.
             The game lasted 00:00:15 (652 turns).

knot the Chopper (Demonspawn Berserker)              Turns: 652, Time: 00:00:16

Health: 23/24      AC:  2    Str: 17    XL:     2   Next: 0%
Magic:  2/2        EV: 12    Int:  8    God:    Trog [*.....]
Gold:   36         SH:  0    Dex: 12    Spells: 1/1 levels left

rFire   . . .      SeeInvis .   a - +0 hand axe
rCold   . . .      Faith    .   (no shield)
rNeg    . . .      Spirit   .   b - +0 animal skin
rPois   .          Reflect  .   (no helmet)
rElec   .          Harm     .   (no cloak)
rCorr   .          Rampage  .   (no gloves)
Will    .....                   (no boots)
Stlth   +.........              (no amulet)
HPRegen 0.08/turn               (no ring)
MPRegen 0.08/turn               (no ring)

@: no status effects
A: spiny 1
a: Renounce Religion, Berserk


You were on level 1 of the Dungeon.
You worshipped Trog.
Trog was aware of your devotion.
You visited 1 branch of the dungeon, and saw 1 of its levels.

You collected 36 gold pieces.

Inventory:

Hand Weapons
 a - a +0 hand axe (weapon)
Missiles
 c - 25 stones (quivered)
Armour
 b - a +0 animal skin (worn)
Scrolls
 d - a scroll of immolation {unknown}
 e - a scroll of identify {unknown}


   Skills:
 - Level 3.0 Fighting
 + Level 3.2 Axes
 - Level 1.7 Armour
 - Level 1.7 Dodging


You had one spell level left.
You didn't know any spells.
Your spell library was empty.

Dungeon Overview and Level Annotations

Branches:
Dungeon (1/15)

Altars:


Innate Abilities, Weirdness & Mutations

You are partially covered in sharp spines.


Message History

e - a scroll labelled PAAP ROD OSAHA No target in view!
A bat comes into view.
A bat is nearby!
The bat closely misses you. The bat hits you.
You hit the bat but do no damage. The bat barely misses you.
The bat barely misses you.
You barely miss the bat. Your punch misses the bat. The bat barely misses you.
You miss the bat. The bat hits you. x2
The bat hits you but does no damage. The bat hits you. The bat hits you.
The bat barely misses you. The bat hits you but does no damage.
You hit the bat.
You kill the bat!
Trog accepts your kill.
No target in view!
No target in view!
Found a stone staircase leading down.
Key pressed, stopping explore.
No target in view!
No target in view!
No target in view!
No target in view!
You open the door.
There is an open door here.
You open the door.
There is an open door here.
You now have 36 gold pieces (gained 11).
An endoplasm comes into view.
The endoplasm quivers.
An endoplasm is nearby!
The endoplasm hits you.
You slash the endoplasm!
You kill the endoplasm!
Trog accepts your kill.
You have reached level 2!
Your demonic ancestry asserts itself...
Sharp spines emerge from parts of your body.
Are you sure you want to abandon this character and quit the game? (Confirm with "yes".)

##...#.# #...
#......# #..#
##...#.# ##..#
#.###.....# ...
#......#### ...
######.# #.# ##'##
#.# ##...## #@###
##.....## #.#.##
##.......#
#....####.........
#.......+.........
#....####.........
#...## ##.......#
##.## ##.....##
#.# ##...## #.#
##'##


There were no monsters in sight!

Vanquished Creatures
  An endoplasm (D:1)
  A hobgoblin (D:1)
  A ball python (D:1)
  3 bats (D:1)
  A kobold (D:1)
  2 rats (D:1)
9 creatures vanquished.

Notes
Turn   | Place    | Note
-------+----------+-------------------------------------------
     0 | D:1      | knot the Demonspawn Berserker began the quest for the Orb.
     0 | D:1      | Reached XP level 1. HP: 18/18 MP: 1/1
   652 | D:1      | Gained mutation: You are partially covered in sharp spines.
                  | [demonic ancestry]
   652 | D:1      | Reached XP level 2. HP: 23/24 MP: 2/2
   652 | D:1      | Quit the game

Illustrated notes

Levels and vault maps discovered:
D:1:      nzn_arrival_water_spiral, layout_loops_corners, supply_closet_lemuel

Skill      XL: |  1 |
---------------+----+-----
Axes           | 3 |  3.2
Fighting       | |  3.0
Armour         | |  1.7
Dodging        | |  1.7

Action                   || total
-------------------------++-------
Melee: Hand axe          ||    21
 Stab: Sleeping          ||     2
Armor: Animal skin       ||     5
Dodge: Dodged            ||     9

Table legend: (Time is in decaauts)
 A = Elapsed time spent in this place.
 B = Non-inter-level travel time spent in this place.
 C = Inter-level travel time spent in this place.
 D = Time resting spent in this place.
 E = Time spent auto-exploring this place.
 F = Levels seen in this place.
 G = Mean time per level.
                   A        B        C        D        E       F      G
               +--------+--------+--------+--------+--------+-----+--------+
         Total |    655 |    655 |      0 |      0 |    599 |   1 |  655.0 |
       Dungeon |    655 |    655 |      0 |      0 |    599 |   1 |  655.0 |
               +--------+--------+--------+--------+--------+-----+--------+

Top non-repeatable levels by time:
     D:1: 655 daAuts
